 Dungeon Crawl Stone Soup version 0.31-a0-339-gda1cbd555d (webtiles) character file.

Game seed: 1881588217387807111

157238 LustLizard the Brawler (level 17, -12/123 HPs)
             Began as an Octopode Shapeshifter on July 21, 2023.
             Was the Champion of Wu Jian.
             Mangled by a merfolk
             ... wielding a +0 trident
              (23 damage)
             ... on level 4 of the Shoals.
             The game lasted 01:14:14 (34949 turns).

LustLizard the Brawler (Octopode Shapeshifter)     Turns: 34949, Time: 01:14:15

Health: -12/123    AC:  9    Str: 22    XL:     17   Next: 69%
Magic:  21/21      EV: 23    Int: 15    God:    Wu Jian [******]
Gold:   963        SH:  0    Dex: 14    Spells: 10/22 levels left

rFire   . .          .
                       - Unarmed
rCold   + . .        (shield currently unavailable)
rNeg    . . .        (helmet restricted)
rPois   .            C - amulet of the acrobat
rElec   .            T - ring "Ceujoe" {rC+ rCorr AC+4 Stlth-}
rCorr   +            y - +5 ring of evasion
SInv    .            z - +4 ring of protection
Will    ++...        D - ring of willpower
Stlth   +++++++      E - ring of wizardry
HPRegen 0.40/turn    F - +6 ring of strength
MPRegen 0.17/turn    H - +4 ring of slaying
                     I - ring of Shadows {Umbra +Inv Stlth+}

%: acrobat, wizardry (x1)
@: blade tentacles, wreathed by umbra, invisible
A: almost no armour, amphibious, 8 rings, camouflage 1, gelatinous body 1,
nimble swimmer 1, tentacles
a: Begin Untransformation, Renounce Religion, Evoke Invisibility, Wall Jump,
Serpent's Lash, Heavenly Storm


You were on level 4 of the Shoals.
You worshipped Wu Jian.
Wu Jian was exalted by your worship.
You had blades for main tentacles.
You visited 4 branches of the dungeon, and saw 26 of its levels.
You also visited: Bailey and Gauntlet.

You collected 2894 gold pieces.
You spent 1931 gold pieces at shops.

Inventory:

Missiles
 k - 8 throwing nets
 S - 4 datura-tipped darts
Armour
 X - the +0 kite shield of the Garden {rF+ Regen+ MP-9 Slay+2}
   (You found it on level 5 of the Lair of Beasts)

   Slay:      It affects your accuracy & damage with ranged weapons and melee
   (+2).
   rF:        It protects you from fire.
   MP:        It affects your magic capacity (-9).
   Regen:     It increases your rate of health regeneration.
Jewellery
 d - an amulet of reflection
 f - a +6 ring of strength
 l - a ring of flight
 v - a ring of see invisible
 y - a +5 ring of evasion (right blade tentacle)
 z - a +4 ring of protection (on tentacle)
 C - an amulet of the acrobat (around mantle)
 D - a ring of willpower (on tentacle)
 E - a ring of wizardry (on tentacle)
 F - a +6 ring of strength (on tentacle)
 H - a +4 ring of slaying (on tentacle)
 I - the ring of Shadows (on tentacle) {Umbra +Inv Stlth+}
   (You bought it in a shop on level 6 of the Dungeon)

   [ring of stealth]

   Umbra:     It surrounds you with an aura of shadow, increasing your stealth
   and reducing the accuracy of all others within it.
   +Inv:      It lets you turn invisible.
   Stlth:     It makes you more stealthy.
 T - the ring "Ceujoe" (left blade tentacle) {rC+ rCorr AC+4 Stlth-}
   (You found it in a Gauntlet)

   [ring of protection]

   AC:        It affects your AC (+4).
   rC:        It protects you from cold.
   rCorr:     It protects you from acid and corrosion.
   Stlth:     It makes you less stealthy.
 U - the ring "Refaunor" {rN+ rCorr Int+4}
   (You found it in a Gauntlet)

   [ring of resist corrosion]

   Int:       It affects your intelligence (+4).
   rN:        It protects you from negative energy.
   rCorr:     It protects you from acid and corrosion.
 V - a ring of protection from fire
Talismans
 m - a blade talisman
 R - a maw talisman
Wands
 c - a wand of digging (4)
 A - a wand of flame (6)
 K - a wand of polymorph (4)
 M - a wand of roots (7)
 Y - a wand of charming (7)
 Z - a wand of mindburst (9)
Scrolls
 j - 2 scrolls of torment
 o - 9 scrolls of teleportation
 p - 6 scrolls of enchant armour
 q - a scroll of enchant weapon
 s - 4 scrolls of revelation
 w - a scroll of silence
 x - 3 scrolls of identify
 B - 6 scrolls of immolation
 G - a scroll of amnesia
Potions
 a - 5 potions of enlightenment
 e - 10 potions of curing
 g - a potion of heal wounds
 h - 7 potions of might
 i - 2 potions of haste
 n - a potion of magic
 t - 6 potions of brilliance
 u - 3 potions of mutation
 L - a potion of berserk rage
 N - 2 potions of cancellation
 O - 3 potions of resistance
 P - 2 potions of ambrosia
Miscellaneous
 b - a phantom mirror
 r - a condenser vane
 W - a lightning rod (3/4)


   Skills:
 + Level 13.3 Fighting
 - Level 10.4 Dodging
 - Level 4.0 Stealth
 + Level 7.0 Shields
 * Level 18.5 Unarmed Combat
 - Level 3.0 Spellcasting
 + Level 3.6 Summonings
 - Level 7.7 Poison Magic
 - Level 7.1 Evocations
 + Level 11.5 Shapeshifting


You had 10 spell levels left.
You knew the following spells:

 Your Spells              Type           Power      Damage    Failure   Level
a - Summon Small Mammal   Summ           52%        N/A       12%         1
b - Poisonous Vapours     Pois/Air       26%        N/A       16%         2
c - Olgreb's Toxic Radia  Pois           25%        N/A       19%         4
d - Summon Forest         Summ/Tloc      3%         N/A       90%         5

Your spell library contained the following spells:

 Spells                   Type           Power      Damage    Failure   Level
 Sting                    Tmut/Pois      52%        1d5       12%         1
 Apportation              Tloc           4%         N/A       32%         1
 Necrotise                Necr           8%         1d4       32%         1
 Ensorcelled Hibernation  Hex/Ice        4%         N/A       38%         2
 Sublimation of Blood     Necr           2%         N/A       38%         2
 Wereblood                Tmut           2%         N/A       38%         2
 Dazzling Flash           Conj/Hex       4%         N/A       56%         3
 Frozen Ramparts          Ice            4%         1d1       56%         3
 Portal Projectile        Hex/Tloc       4%         N/A       56%         3
 Tukima's Dance           Hex            2%         N/A       56%         3
 Vampiric Draining        Necr           2%         2d6       56%         3
 Volatile Blastmotes      Fire/Tloc      4%         2d10      56%         3
 Anguish                  Hex/Necr       1%         N/A       86%         4
 Fulminant Prism          Conj/Hex       1%         3d5       86%         4
 Iskenderun's Mystic Bla  Conj/Tloc      2%         2d3       86%         4
 Leda's Liquefaction      Hex/Erth       1%         N/A       86%         4
 Petrify                  Tmut/Erth      2%         N/A       86%         4
 Summon Mana Viper        Hex/Summ       7%         N/A       90%         5
 Agony                    Necr           2%         N/A       98%         5
 Irradiate                Conj/Tmut      1%         3d12      98%         5
 Lee's Rapid Deconstruct  Erth           1%         3d4*      98%         5
 Metabolic Englaciation   Hex/Ice        1%         N/A       98%         5
 Silence                  Hex/Air        1%         N/A       98%         5
 Summon Cactus Giant      Summ           6%         N/A       99%         6
 Leda's Unmaking          Conj/Erth      1%         9d1       100%        6


Dungeon Overview and Level Annotations

Branches:
Dungeon (15/15)            Temple (0/1) D:7            Lair (5/5) D:11
 Shoals (4/4) Lair:2        Snake (0/4) Lair:2        Slime (0/5) Lair:4
    Orc (2/2) D:11            Elf (0/3) Orc:2        Vaults (0/5) D:14
 Depths (0/4) D:15         Bailey (visited)         Gauntlet (visited)

Altars:
Dithmenos
Elyvilon
Fedhas
Kikubaaqudgha
Makhleb
Nemelex Xobeh
Okawaru
Qazlal
Uskayaw
Wu Jian
Zin
The Shining One
Jiyva

Shops:
D:6 ?(=(?   D:7 !   D:15 *   Orc:2 !:(


Innate Abilities, Weirdness & Mutations

You have blades for main tentacles.
Your spellcasting is less reliable in this form.
You are incapable of wielding weapons or throwing items.
You cannot wear most types of armour.
You are amphibious.
You can wear up to eight rings at the same time.
Your skin changes colour to match your surroundings (Stealth+).
Your rubbery body absorbs attacks. (AC +1, EV +1)
You are camouflaged when in or above water. (Stealth+)
You have tentacles for arms and can constrict up to eight enemies at once.


Message History

The silver javelin pierces through you!
You struggle against the net.
You constrict the satyr.
The satyr plays a frightful melody on its pipes!
The satyr radiates an aura of fear!
You easily resist.
Unknown command.
You struggle against the net.
You constrict the satyr!
The satyr shoots an arrow.
The arrow completely misses you.
The merfolk javelineer throws a silver javelin.
The silver javelin pierces through you!
You struggle against the net.
You constrict the satyr!
You kill the satyr!
The Council accepts your kill.
The merfolk javelineer throws a silver javelin.
The silver javelin pierces through you!
Your Shields skill increases to level 7!
Unknown command.
Okay, then.
You fade into invisibility!
The merfolk javelineer throws a silver javelin.
The silver javelin pierces through you!
* * * LOW HITPOINT WARNING * * *
x2 You rip the net and break free!
The merfolk javelineer throws a silver javelin.
The silver javelin pierces through you!
* * * LOW HITPOINT WARNING * * *
x2 The merfolk closely misses you.
Unknown command.
Okay, then.
You feel much better.
The merfolk javelineer throws a silver javelin.
The silver javelin pierces through you.
* * * LOW HITPOINT WARNING * * *
x2 The merfolk hits you from afar with a +0 trident!!
* * * LOW HITPOINT WARNING * * *
As you read the scroll of summoning, it crumbles to dust.
Wisps of shadow whirl around you...
The merfolk javelineer throws a silver javelin.
The silver javelin completely misses you.
The merfolk hits you from afar with a +0 trident!!
You die...

≈~~~..~≈≈≈~~~~~~~~~≈≈≈~~~
≈~~..(.≈≈≈~...~~~..≈≈≈~~~
≈~~....~~~....~~.<~≈≈≈≈~~
≈~~..##..........~~..~~~~
≈~~~.#.....)##..........~
≈≈~~~.......#.......~....
≈≈~~~...#..)†.~~~S~~~~...
≈≈~~..######.)~~t~~~~..?!
≈≈~~..# #...).@~~~....#
≈≈~~..###......).........
≈≈≈≈~~.........Hm........
≈≈≈≈~~~~~~~..~.....m.#PP#
≈≈≈≈≈≈≈≈~~...........# ##
≈≈≈≈≈≈≈≈≈~~~...........
≈≈≈≈≈≈≈≈≈≈≈~~~......P...
≈≈≈≈≈≈≈≈≈≈≈≈≈~~.....P...
≈≈≈≈≈≈≈≈≈~~~~ ,


You could see a merfolk javelineer, a merfolk (ally target), a friendly sea
snake (summoned), a friendly snapping turtle (summoned) and a friendly manticore
(summoned).

Vanquished Creatures
  An emperor scorpion (D:15)
  An orc warlord (Orc:2)
  Nessos (D:13)
  A dire elephant (D:15)
  Azrael (Orc:2)
  A minotaur (Gauntlet)
  A green death (Gauntlet)
  3 merfolk impalers
  A merfolk javelineer (Shoals:4)
  Josephine (D:11)
  Harold (D:11)
  Fannar (Orc:1)
  Erolcha (D:12)
  2 catoblepae
  4 hydras
  An ogre mage (D:14)
  4 two-headed ogres
  7 centaur warriors
  8 merfolk aquamancers
  3 boulder beetles
  A satyr (Shoals:4)
  4 death yaks (Lair:3)
  2 orc high priests (Orc:2)
  Urug (D:11)
  Sonja (Orc:1)
  4 skysharks
  Lodul (D:13)
  A goliath frog (Lair:5)
  10 sea snakes
  A deep elf archer (D:14)
  5 harpies (Shoals:3)
  2 ugly things
  2 deep elf pyromancers (D:14)
  3 orc knights
  An oklob plant (Shoals:1)
  4 cyclopes
  A wolf spider (D:15)
  6 fauns
  2 salamanders
  10 orc sorcerers
  6 manticores
  9 elephants
  Joseph (D:7)
  5 merfolk sirens
  2 black mambas (Lair:3)
  2 orange demons (Gauntlet)
  2 torpor snails (Lair:4)
  2 gargoyles
  24 cane toads
  2 water nymphs
  4 rime drakes
  Psyche (D:9)
  6 komodo dragons
  2 unseen horrors
  A freezing wraith (D:15)
  4 yaktaurs (D:14)
  2 tengu conjurers (D:13)
  An efreet (D:14)
  12 merfolk
  8 trolls
  A queen bee (Lair:2)
  2 polar bears
  4 tyrant leeches (Lair:5)
  23 blink frogs
  5 wind drakes
  Prince Ribbit (D:9)
  7 dream sheep
  4 snapping turtles
  Sigmund (D:2)
  16 slime creatures
  3 shadows
  7 wyverns
  3 wraiths (D:11)
  7 water elementals
  53 yaks
  3 basilisks
  Grum (D:11)
  2 fire elementals (Orc:2)
  A steam dragon (D:8)
  22 vampire mosquitoes
  3 wargs
  2 swamp worms (Gauntlet)
  2 acid dragons
  2 hell hounds (Orc:2)
  17 water moccasins
  Duvessa (D:7)
  36 orc warriors
  A sky beast (D:8)
  5 black bears
  An ice beast (D:7)
  15 ogres
  25 centaurs
  4 wolves (D:11)
  2 phantoms
  2 kobold brigands
  20 bullfrogs
  2 scorpions
  12 wights
  Dowan (D:7)
  38 killer bees
  3 howler monkeys
  An electric eel (D:11)
  5 lava snakes
  4 hounds
  2 jellies (D:7)
  2 gnoll boudas
  27 orc priests
  Crazy Yiuf (D:7)
  3 iguanas
  3 sleepcaps
  28 orc wizards
  A boggart simulacrum (D:15)
  Robin (D:4)
  7 gnolls
  10 adders
  A white imp (D:8)
  An ufetubus (D:7)
  2 dart slugs
  92 orcs
  11 endoplasms
  3 giant cockroaches
  17 goblins
  6 hobgoblins
  3 jackals (D:1)
  3 quokkas
  5 ball pythons
  5 bats
  A frilled lizard (D:3)
  13 kobolds
  5 rats
825 creatures vanquished.

Vanquished Creatures (others)
  An orc wizard (D:15)
  An orc (Orc:2)
  4 tentacles (Shoals:4)
6 creatures vanquished.

Grand Total: 831 creatures vanquished

Notes
Turn   | Place    | Note
-------+----------+-------------------------------------------
     0 | D:1      | LustLizard the Octopode Shapeshifter began the quest for
                  | the Orb.
     0 | D:1      | Reached XP level 1. HP: 13/13 MP: 1/1
    25 | D:1      | Found a faded altar of an unknown god.
   367 | D:1      | Reached XP level 2. HP: 18/18 MP: 2/2
   382 | D:1      | Reached skill level 1 in Stealth
   846 | D:1      | Reached XP level 3. HP: 23/23 MP: 3/3
  1256 | D:2      | Noticed Sigmund
  1861 | D:3      | Found an iron altar of Okawaru.
  1946 | D:3      | Reached XP level 4. HP: 29/29 MP: 4/4
  2005 | D:3      | Found a white marble altar of Elyvilon.
  2351 | D:3      | Found a stormy altar of Qazlal.
  2474 | D:3      | Found an ornate altar of the Wu Jian Council.
  2490 | D:3      | Became a worshipper of the Wu Jian Council
  2498 | D:3      | Reached skill level 4 in Unarmed Combat
  2530 | D:3      | Found an ancient bone altar of Kikubaaqudgha.
  2535 | D:3      | Found a shadowy altar of Dithmenos.
  2577 | D:4      | Reached XP level 5. HP: 29/34 MP: 5/5
  2974 | D:4      | Noticed Robin
  2991 | D:4      | Reached * piety under Wu Jian
  2996 | D:4      | Killed Robin
  2997 | D:4      | Noticed a phantom
  3019 | D:4      | Killed a phantom
  3020 | D:4      | Reached XP level 6. HP: 27/41 MP: 6/6
  3486 | D:2      | Killed Sigmund
  3487 | D:2      | Reached skill level 5 in Unarmed Combat
  3487 | D:2      | Reached XP level 7. HP: 37/46 MP: 7/7
  3543 | D:5      | Entered Level 5 of the Dungeon
  3701 | D:5      | Reached skill level 6 in Unarmed Combat
  4034 | D:5      | Reached XP level 8. HP: 40/54 MP: 8/8
  4243 | D:5      | Reached ** piety under Wu Jian
  4672 | D:6      | Found Ypoer's Jewellery Emporium.
  4821 | D:6      | Reached skill level 7 in Unarmed Combat
  4915 | D:6      | Found Iqeka's Antique Weapon Shoppe.
  4994 | D:6      | Found Wetamp's Magic Scroll Shop.
  5058 | D:6      | Bought a scroll of identify for 28 gold pieces
  5377 | D:6      | Reached skill level 5 in Shapeshifting
  5519 | D:6      | Found Jipusail's Magic Scroll Shoppe.
  5527 | D:6      | Bought a scroll of fear for 44 gold pieces
  5540 | D:6      | Noticed a shadow
  5865 | D:6      | Found Iqadduge's Antique Weapon Shoppe.
  6029 | D:7      | Reached skill level 5 in Fighting
  6041 | D:7      | Found a runed translucent door.
  6042 | D:7      | Noticed Crazy Yiuf
  6050 | D:7      | Killed Crazy Yiuf
  6183 | D:7      | Noticed Duvessa
  6184 | D:7      | Noticed Dowan
  6235 | D:7      | Reached skill level 8 in Unarmed Combat
  6300 | D:7      | Reached XP level 9. HP: 61/61 MP: 9/9
  6302 | D:7      | Learned a level 1 spell: Summon Small Mammal
  6333 | D:7      | Found Peyseek's Distillery.
  6400 | D:7      | Noticed Joseph
  6618 | D:8      | Found a flagged portal.
  6796 | Bailey   | Entered a bailey
  7001 | Bailey   | Reached *** piety under Wu Jian
  7152 | Bailey   | Reached skill level 9 in Unarmed Combat
  8394 | Bailey   | Reached XP level 10. HP: 36/69 MP: 10/10
  8905 | Bailey   | Reached skill level 10 in Unarmed Combat
  9389 | D:8      | Found a blossoming altar of Fedhas.
  9625 | D:8      | Reached **** piety under Wu Jian
  9881 | D:8      | Reached skill level 5 in Dodging
 10061 | D:9      | Noticed Psyche
 10196 | D:9      | Noticed a two-headed ogre
 10519 | D:9      | Noticed Prince Ribbit
 10522 | D:9      | Killed Prince Ribbit
 10610 | D:9      | Reached skill level 11 in Unarmed Combat
 10878 | D:9      | Reached XP level 11. HP: 75/75 MP: 11/11
 11270 | D:9      | Killed Psyche
 11396 | D:9      | Found a burning altar of Makhleb.
 11706 | D:6      | Bought the ring of Shadows {Umbra +Inv Stlth+} for 400 gold
                  | pieces
 11706 | D:6      | Found the ring of Shadows {Umbra +Inv Stlth+}
 11893 | D:7      | Found a glowing golden altar of the Shining One.
 11911 | D:7      | Killed Joseph
 12014 | D:7      | Learned a level 2 spell: Poisonous Vapours
 12178 | D:7      | Killed Duvessa
 12180 | D:7      | Killed Dowan
 12182 | D:7      | Reached skill level 1 in Evocations
 12254 | D:7      | Found a staircase to the Ecumenical Temple.
 12362 | D:9      | Killed a two-headed ogre
 12363 | D:9      | Reached skill level 1 in Poison Magic
 12438 | D:10     | Entered Level 10 of the Dungeon
 13150 | D:10     | Reached skill level 12 in Unarmed Combat
 13275 | D:10     | Found a hide-covered altar of Uskayaw.
 13279 | D:10     | Reached ***** piety under Wu Jian
 13605 | D:11     | Noticed a two-headed ogre
 13611 | D:11     | Killed a two-headed ogre
 13715 | D:11     | Noticed a two-headed ogre
 13728 | D:11     | Killed a two-headed ogre
 13747 | D:11     | Noticed Grum
 13763 | D:11     | Killed Grum
 13879 | D:11     | Reached XP level 12. HP: 84/84 MP: 12/12
 13879 | D:11     | Noticed Urug
 14195 | D:11     | Found a staircase to the Orcish Mines.
 14311 | D:11     | Killed Urug
 14508 | D:11     | Noticed Josephine
 14565 | D:11     | Killed Josephine
 14765 | D:11     | Noticed Harold
 14996 | D:11     | Killed Harold
 15177 | D:11     | Reached skill level 13 in Unarmed Combat
 15351 | D:11     | Found a staircase to the Lair.
 15565 | D:11     | Learned a level 4 spell: Olgreb's Toxic Radiance
 15644 | Orc:1    | Entered Level 1 of the Orcish Mines
 15737 | Orc:1    | Reached skill level 5 in Poison Magic
 15908 | Orc:1    | Noticed Sonja
 15915 | Orc:1    | Killed Sonja
 15965 | Orc:1    | Noticed Fannar
 15981 | Orc:1    | Killed Fannar
 15982 | Orc:1    | Reached skill level 5 in Evocations
 16299 | Orc:2    | Entered Level 2 of the Orcish Mines
 16469 | Orc:2    | Noticed Azrael
 17198 | Lair:1   | Entered Level 1 of the Lair of Beasts
 17483 | Lair:1   | Reached XP level 13. HP: 90/90 MP: 13/13
 18926 | Lair:2   | HP: 1/92 [merfolk/+0 trident (22)]
 19342 | Lair:2   | Reached skill level 1 in Spellcasting
 19368 | Lair:2   | Found a staircase to the Shoals.
 19390 | Lair:2   | Reached skill level 14 in Unarmed Combat
 19833 | Lair:2   | Reached skill level 10 in Fighting
 20052 | Lair:2   | Found a staircase to the Snake Pit.
 20057 | Lair:2   | Reached ****** piety under Wu Jian
 20373 | D:6      | Bought a +5 ring of evasion for 360 gold pieces
 20691 | Orc:2    | Found a staircase to the Elven Halls.
 20850 | Orc:2    | Noticed an orc warlord
 20883 | Orc:2    | Killed an orc warlord
 21125 | Orc:2    | Reached XP level 14. HP: 93/95 MP: 17/17
 21128 | Orc:2    | Found Ati Asey's Jewellery Emporium.
 21128 | Orc:2    | Found Oloisamu's Distillery.
 21128 | Orc:2    | Found Uzoq's Weapon Emporium.
 21134 | Orc:2    | Found Qiosail's Book Shoppe.
 21474 | Orc:2    | Killed Azrael
 22926 | Lair:3   | You fall into a shaft and drop 1 floor!
 22926 | Lair:4   | Found a gate leading to a gauntlet.
 23002 | Lair:4   | Reached skill level 15 in Unarmed Combat
 23255 | Gauntlet | Entered a Gauntlet
 23255 | Gauntlet | Found a transporter.
 23268 | Gauntlet | Found a transporter.
 23279 | Gauntlet | Found a transporter.
 23284 | Gauntlet | Found a transporter.
 23301 | Gauntlet | Found a transporter.
 23319 | Gauntlet | Found a transporter.
 23331 | Gauntlet | Found a transporter.
 23343 | Gauntlet | Found a transporter.
 23355 | Gauntlet | Found a transporter.
 23363 | Gauntlet | Noticed a dire elephant
 23367 | Gauntlet | Found a transporter.
 23384 | Gauntlet | Found a transporter.
 23402 | Gauntlet | Found a transporter.
 23404 | Gauntlet | Found a transporter.
 23431 | Gauntlet | Found a transporter.
 23433 | Gauntlet | Found a transporter.
 23453 | Gauntlet | Found a transporter.
 23531 | Gauntlet | Found a transporter.
 23551 | Gauntlet | Found a transporter.
 23735 | Gauntlet | Identified the ring "Ceujoe" {rC+ rCorr AC+4 Stlth-}
 23978 | Gauntlet | Identified the +12 great mace of Adverse Possession {venom,
                  | rC+ rN+ Int+3 Dex-4}
 24079 | Gauntlet | Identified the ring "Refaunor" {rN+ rCorr Int+4}
 24103 | Gauntlet | Reached skill level 10 in Dodging
 24491 | Lair:4   | Identified the +8 arbalest of Integrity {drain, *Corrode
                  | Will++}
 24639 | Lair:4   | Found a viscous altar of Jiyva.
 24639 | Lair:4   | Found a staircase to the Slime Pits.
 24731 | Lair:5   | Entered Level 5 of the Lair of Beasts
 24808 | Lair:5   | Reached XP level 15. HP: 90/107 MP: 19/19
 24907 | Lair:5   | Reached skill level 10 in Shapeshifting
 24937 | Lair:5   | Reached skill level 16 in Unarmed Combat
 24945 | Lair:5   | Identified the +0 kite shield of the Garden {rF+ Regen+
                  | MP-9 Slay+2}
 25205 | Lair:5   | Reached skill level 1 in Shields
 26377 | D:12     | You fall into a shaft and drop 3 floors!
 26377 | D:15     | Entered Level 15 of the Dungeon
 26616 | D:14     | Reached XP level 16. HP: 114/114 MP: 20/20
 26773 | D:13     | Noticed Nessos
 27220 | D:13     | Killed Nessos
 27676 | D:12     | Noticed Erolcha
 27690 | D:12     | Killed Erolcha
 27691 | D:12     | Reached skill level 17 in Unarmed Combat
 28063 | D:13     | Noticed Lodul
 28078 | D:13     | Killed Lodul
 28528 | D:14     | Found a gate to the Vaults.
 28640 | D:14     | Reached skill level 5 in Shields
 29499 | D:15     | Found Zin's Purification Station.
 29502 | D:15     | Found a glowing silver altar of Zin.
 29701 | D:15     | Reached XP level 17. HP: 106/121 MP: 21/21
 29868 | D:15     | Found a staircase to the Depths.
 30614 | Orc:2    | Bought a potion of might for 44 gold pieces
 30614 | Orc:2    | Bought a potion of haste for 110 gold pieces
 30856 | D:7      | Bought a potion of resistance for 150 gold pieces
 30856 | D:7      | Bought a potion of heal wounds for 75 gold pieces
 30856 | D:7      | Bought a potion of resistance for 150 gold pieces
 31097 | Orc:2    | Bought a book of the Wilderness for 570 gold pieces
 31103 | Orc:2    | Learned a level 5 spell: Summon Forest
 31250 | Shoals:1 | Entered Level 1 of the Shoals
 31578 | Shoals:1 | Reached skill level 1 in Summonings
 31608 | Shoals:1 | Identified the +2 ring mail of Bad Feelings {rCorr Str+5}
 31616 | Shoals:1 | Found a sparkling altar of Nemelex Xobeh.
 32301 | Shoals:2 | Reached skill level 18 in Unarmed Combat
 34623 | Shoals:4 | Entered Level 4 of the Shoals
 34666 | Shoals:4 | Noticed a kraken
 34842 | Shoals:4 | Identified the +0 ring mail of the Evening {Int+7}
 34949 | Shoals:4 | Mangled by a merfolk

Illustrated notes

Levels and vault maps discovered:
D:1:      minmay_arrival_stair_chambers, layout_basic,
          ebering_ecumenical_altar_hall, minmay_misc_feat_five, st_stairs_8,
          nrook_loot_triangle
D:2:      layout_basic, uniq_sigmund
D:3:      layout_rooms, nicolae_overflow_crystal_walls, marbit_many_paths,
          lemuel_round_altar, mainiacjoe_overflow_brackets,
          amethyst_overflow_temple_binary
D:4:      layout_loops_ring, uniq_robin
D:5:      layout_loops_ring
D:6:      layout_loops_corners, serial_shops, nicolae_shop_trees,
          nicolae_lakefront_shop, nicolae_shop_stone,
          nicolae_shop_competitors_out_of_business, shop_scrolls
D:7:      minmay_evil_eye, layout_loops_cross, general_overflow_altar,
          temple_green, serial_shops, nicolae_shop_stone, uniq_joseph,
          uniq_crazy_yiuf_cottage, uniq_duvessa
D:8:      layout_cave_pods, kennysheep_mini, enter_bailey_5
D:9:      layout_loops_ring, overflow_temple_1_default,
          hangedman_decor_clover_reticule, uniq_psyche, uniq_prince_ribbit1
D:10:     layout_loops_corners, nicolae_uskayaw_dance_studio
D:11:     layout_basic, grunt_lair_entry_orc_guard_hut, erik_orc_2,
          kennysheep_pointless_box, uniq_josephine, uniq_urug, uniq_grum,
          uniq_harold
D:12:     layout_rooms, uniq_erolcha
D:13:     layout_irregular_city, uniq_lodul, uniq_nessos
D:14:     layout_basic, hangedman_vaults_entry_quadrant_bands, hex_medium
D:15:     hangedman_depths_entry_try_elsewhere_first, layout_layer_cave,
          zin_purify
Lair:1:   layout_cave_pods, chequers_serial_rivers_marsh
Lair:2:   layout_cave_shapes, elwin_shoals_entry_stream,
          nicolae_snake_entry_warm_welcome, special_room [special_room_bee]
Lair:3:   layout_cellular_growth, st_stairs_7, dreamdust_gnoll_shepherd
Lair:4:   layout_roguey, dpeg_slime_entry_enclosed, gauntlet_entry_generic
Lair:5:   minmay_lair_end_frog_pond, layout_regular_city, lemuel_fruit_fields
Shoals:1: layout_shoals, lemuel_oklob_altar
Shoals:2: layout_shoals, nicolae_shoals_aquamancer_cove
Shoals:3: layout_shoals
Shoals:4: shoals_end_grunt_garden, layout_shoals, serial_shops
Orc:1:    layout_diamond_mine, uniq_fannar, uniq_sonja
Orc:2:    st_orc_mages, layout_diamond_mine, uniq_azrael

Skill      XL: |  1  2  3  4  5  6  7  8  9 10 11 12 13 14 15 16 17 |
---------------+----------------------------------------------------+-----
Stealth        | 1 2 3 4 |  4.0
Fighting       | 2 3 4 5 6 7 8 9 10 11 12 13 | 13.3
Unarmed Combat | 4 5 6 8 9 11 12 13 14 15 16 17 18 | 18.5
Shapeshifting  | 4 5 6 7 8 9 10 11 | 11.5
Dodging        | 4 5 6 8 9 10 | 10.4
Evocations     | 3 5 6 7 |  7.1
Poison Magic   | 3 5 7 |  7.7
Spellcasting   | 2 3 |  3.0
Shields        | 3 5 7 |  7.0
Summonings     | 3 |  3.6

Action                     |  1- 3 |  4- 6 |  7- 9 | 10-12 | 13-15 | 16-18 || total
---------------------------+-------+-------+-------+-------+-------+-------++-------
  Melee: Unarmed           |    61 |    76 |   208 |   393 |   562 |   404 ||  1704
         Constrict         |    15 |    15 |    55 |    74 |    84 |    57 ||   300
         Tentacles         |    10 |     7 |    54 |    87 |   112 |    93 ||   363
         Punch             |       |     4 |    23 |    46 |    49 |    55 ||   177
  Throw: Dart              |       |       |     6 |    17 |       |       ||    23
   Cast: Olgreb's Toxic Ra |       |       |       |    17 |    55 |     4 ||    76
Ability: Lunge             |       |     7 |    46 |    68 |    78 |    58 ||   257
         Whirlwind         |       |       |       |    20 |    72 |    59 ||   151
         Evoke Invisibilit |       |       |       |       |     2 |       ||     2
  Evoke: Wand              |       |       |       |     5 |     5 |       ||    10
         Lightning rod     |       |       |       |       |       |     8 ||     8
    Use: Scroll            |       |       |    11 |     6 |     7 |    12 ||    36
         Potion            |       |       |     2 |     2 |     4 |     8 ||    16
   Stab: Sleeping          |     4 |     5 |    10 |    10 |    19 |    27 ||    75
         Distracted        |       |       |     1 |     3 |     4 |       ||     8
         Invisible         |       |       |       |       |     4 |       ||     4
 Armour: Skin              |     5 |       |    16 |    36 |    29 |    26 ||   112
  Dodge: Dodged            |    25 |    24 |   113 |   213 |   287 |   278 ||   940
   Form: Blade             |       |       |       |     1 |     2 |       ||     3
         Beast             |       |       |       |     1 |     1 |       ||     2

Table legend: (Time is in decaauts)
 A = Elapsed time spent in this place.
 B = Non-inter-level travel time spent in this place.
 C = Inter-level travel time spent in this place.
 D = Time resting spent in this place.
 E = Time spent auto-exploring this place.
 F = Levels seen in this place.
 G = Mean time per level.
                   A        B        C        D        E       F      G
               +--------+--------+--------+--------+--------+-----+--------+
         Total |  34745 |  31821 |   2924 |   6431 |  18946 |  28 | 1240.9 |
       Dungeon |  18256 |  16317 |   1939 |   2704 |  10564 |  15 | 1217.1 |
          Lair |   6124 |   5757 |    367 |    690 |   3695 |   5 | 1224.8 |
        Shoals |   3665 |   3592 |     73 |    467 |   2618 |   4 |  916.2 |
  Orcish Mines |   3248 |   2704 |    544 |    736 |   1477 |   2 | 1624.0 |
        Bailey |   2478 |   2478 |      0 |   1598 |    180 |   1 | 2478.0 |
      Gauntlet |    971 |    971 |      0 |    234 |    412 |   1 |  971.0 |
               +--------+--------+--------+--------+--------+-----+--------+

Top non-repeatable levels by time:
  Bailey: 2478 daAuts
    D:11: 2413 daAuts
  Lair:1: 1972 daAuts
   Orc:1: 1846 daAuts
     D:9: 1766 daAuts
     D:6: 1611 daAuts
   Orc:2: 1402 daAuts
    D:15: 1387 daAuts
     D:8: 1358 daAuts
    D:10: 1261 daAuts
    D:13: 1256 daAuts
  Lair:5: 1251 daAuts
Shoals:2: 1212 daAuts
Shoals:3: 1208 daAuts
  Lair:2: 1180 daAuts
